[Event "Swietokrzyskie IM Chess-ch 2022"]
[Site "Zagnansk"]
[Date "2022.05.03"]
[Round "5.1"]
[White "Chylewski, FM Patryk"]
[Black "Sieciechowicz, IM Marcin"]
[Result "1/2-1/2"]
[ECO "E97"]
[WhiteElo "2281"]
[BlackElo "2388"]
[Annotator "TA"]
[PlyCount "90"]
[EventDate "2022.04.29"]
[EventCountry "POL"]
[SourceTitle "playchess.com"]
[Source "ChessBase"]
[SourceQuality "1"]
[TimeControl "40/5400+30:1800+30"]

1. d4 Nf6 2. c4 g6 3. Nc3 Bg7 4. e4 d6 5. Nf3 O-O 6. Be2 e5 7. O-O Nc6 8. d5 Ne7 9. a4 a5 10. Ne1 Nd7 11. Nd3 f5 12. f3 c5 {[%emt 0:07:26] E97: King's Indian: Classical Main Line (6...e5 7 0-0 Nc6): 8 Be3 and 8 d5 Ne7, not 9 Ne1.} 13. f4 {[%emt 0:11:04] [#]} (13. b3 $14) 13... Kh8 $146 (13... exf4 $11 14. Nxf4 Ne5) ({Predecessor:} 13... exf4 14. Nxf4 Bxc3 15. bxc3 Ne5 16. Nd3 Nf7 17. Bf3 fxe4 18. Bxe4 Bf5 19. Bxf5 Nxf5 20. Nf4 {½-½ (45) Can,E (2542)-Granda Zuniga,J (2685) Sitges 2015}) 14. fxe5 $16 Nxe5 {[%emt 0:01:07] White is better.} 15. Nxe5 Bxe5 16. Bh6 Rf7 17. Qd2 Ng8 18. Bf4 Bxf4 19. Qxf4 (19. Rxf4 $5 g5 20. Rf2 $14) 19... g5 20. Qf2 f4 21. e5 {[%emt 0:07:50] Prevents Nf6.} dxe5 22. Qxc5 Ra6 {[%emt 0:15:55] Prevents d6.} (22... b6 $11 {remains equal.} 23. Qa3 Bf5) 23. Rad1 Nf6 24. d6 {[%emt 0:04:04] White is more active.} (24. Qa3 $1 $16) 24... Qb6 $1 $14 25. Qxb6 (25. b4 $5 Qxc5+ 26. bxc5 $14) 25... Rxb6 26. c5 Rxb2 27. Bc4 Rf8 28. Nd5 Nd7 29. Bb5 (29. Ne7 $11 Nxc5 30. Rd5) 29... Nxc5 $15 {[%emt 0:01:45] Threatens to win with ...Be6.} 30. Rc1 Nb3 31. Rb1 {[%emt 0:08:59] [#]} Rd2 32. Nb6 Be6 33. Bc4 $1 Nc5 34. Rfd1 ({White should try} 34. Bxe6 $15 Nxe6 35. Nc4) 34... Rxd1+ $17 35. Rxd1 Bxc4 36. Nxc4 {[%emt 0:00:02][%mdl 4096] Endgame [#] KRN-KRN} Nd7 $1 ({Reject} 36... Nxa4 $6 37. Rd5 $11 (37. d7 Rd8 $15)) 37. Rb1 {[%emt 0:02:15] [#]} b6 38. Rb5 Re8 (38... Rd8 $17 39. Kf2 Kg7 40. Nxe5 Nxe5 41. Rxe5 Kf6) 39. Nxb6 $11 {[%emt 0:00:22] The position is equal.} Nxb6 40. Rxb6 {[%emt 0:00:00] KR-KR} Kg7 {[%emt 0:00:00] Hoping for ...Rd8.} 41. d7 Rd8 42. Re6 Rxd7 {[%emt 0:03:02] ...Rd5 is the strong threat.} 43. Rxe5 Kf6 44. Rxa5 Rd1+ 45. Kf2 Ra1 {[%emt 0:01:36] Weighted Error Value: White=0.14 (very precise) /Black=0.14 (very precise)} 1/2-1/2

[Event "Swietokrzyskie IM Chess-ch 2022"]
[Site "Zagnansk"]
[Date "2022.05.03"]
[Round "5.2"]
[White "Malek, Jan"]
[Black "Kotyk, Michael"]
[Result "1/2-1/2"]
[ECO "D30"]
[WhiteElo "2316"]
[BlackElo "2170"]
[Annotator "TA"]
[PlyCount "147"]
[EventDate "2022.04.29"]
[EventCountry "POL"]
[SourceTitle "playchess.com"]
[Source "ChessBase"]
[SourceQuality "1"]
[TimeControl "40/5400+30:1800+30"]

1. d4 d5 2. c4 e6 3. Nf3 Nf6 4. g3 Bb4+ 5. Nbd2 O-O 6. Bg2 dxc4 {[%emt 0:03:22] E01: Catalan: Early deviations.} 7. a3 Be7 (7... Bxd2+ $11 8. Bxd2 Bd7) 8. Nxc4 $16 c5 {[%emt 0:00:16] [#] White is slightly better.} 9. dxc5 $146 {[%emt 0:10:29] White is more active.} ({Better is} 9. O-O $1 $16) ({Predecessor:} 9. O-O Nc6 10. dxc5 Bxc5 11. b4 Be7 12. b5 Na5 13. Nfe5 Nxc4 14. Nxc4 Qc7 15. Qb3 {1-0 (44) Sorokin,A (2486)-Arcuti,D (2349) Mamaia 2017}) 9... Qxd1+ $11 10. Kxd1 Bxc5 11. e3 Bd7 12. b4 Be7 13. Bb2 Ba4+ 14. Ke2 Nc6 15. Rab1 Rac8 16. Rhc1 Bb5 17. Nfd2 $1 Rfd8 18. Ke1 Ne8 19. Bf1 Nc7 (19... a6 $11) 20. Ne4 (20. Nb3 $14) 20... Nd5 21. Ba1 (21. Ned6 $5 Bxd6 22. Nxd6 Rxd6 23. Bxb5 $14) 21... f5 {[%emt 0:08:31] [#]} 22. Ned6 Bxd6 23. Nxd6 Bxf1 24. Nxc8 Bd3 {[%emt 0:01:01] [#]} (24... Bb5 $1 $14) 25. Rb3 Bb5 $36 {[%emt 0:00:06][%cal Bd3b5,Bb5a4,Ba4c6][%mdl 2080] Black is pushing.} 26. g4 Rxc8 27. gxf5 exf5 28. Rc5 Ba4 29. Rd3 Nde7 (29... Nb6 $17 30. Rd6 g6) 30. b5 $15 {[%emt 0:07:24] [#]} b6 $1 31. Rxc6 Nxc6 32. bxc6 Bxc6 {[%emt 0:05:52][%mdl 4096] Endgame KRB-KRB} ({Reject} 32... Rxc6 33. Rd8+ Kf7 34. Rd7+ Ke6 35. Rxa7 $11) 33. Be5 Kf7 34. f4 g6 35. Rd4 Ke6 36. Rd6+ Ke7 37. Rd4 Be4 38. Ra4 (38. Kd1 $17) 38... a5 (38... Rc1+ $19 39. Kd2 Rc2+ 40. Kd1 Rxh2 41. Rxa7+ Ke6) 39. Rd4 $17 Rc1+ 40. Rd1 Rc6 41. Rd2 b5 42. Rb2 {[%emt 0:00:15] [#]} Bd3 ({Black should play} 42... Rc1+ $1 43. Kd2 Ra1) 43. Kd2 Bc4 44. Bc3 Rd6+ 45. Ke1 Rd3 46. Bxa5 Rxe3+ 47. Kf2 Rh3 48. Kg2 Re3 49. Kf2 $1 Re4 50. Kf3 Ke6 51. Bb4 Rd4 52. Rd2 Bd5+ 53. Kg3 Re4 54. Rd3 Re2 {[%emt 0:00:19] White must now prevent ...Rg2+.} 55. Bc5 $2 (55. h4 $17) 55... Rg2+ $19 56. Kh3 {[%emt 0:00:01] [#]} Rg4 $1 57. Re3+ Kf6 58. Bd4+ Kf7 59. Re2 {[%emt 0:00:19] Prevents Bg2+.} (59. Rg3 Rxf4 60. Bc5) 59... Rxf4 60. Bc5 Rf3+ 61. Kh4 h6 {[%emt 0:01:02] ( -> ...g5+)} 62. Re3 g5+ 63. Kh5 Kg7 $2 ({Black should try} 63... Rxe3 $19 64. Bxe3 Kg7 65. Bxg5 hxg5 66. Kxg5 Be6) 64. Bd4+ $11 Kf7 {[%emt 0:02:14] Hoping for ...Rxe3.} 65. Rxf3 Bxf3+ 66. Kxh6 {[%emt 0:00:05] KB-KB} g4 67. Kg5 Ke6 68. Kf4 Kd5 69. Bc3 Kc4 (69... Be4 $15) 70. Bb4 Be4 {[%emt 0:00:10] Black is slightly better.} 71. Bf8 Kd3 72. Bd6 Ke2 73. Bc5 Kf1 74. Kg3 {[%emt 0:00:04] White happily takes the draw.  Weighted Error Value: White=0.36/Black=0.13 (very precise)} 1/2-1/2

[Event "Swietokrzyskie IM Chess-ch 2022"]
[Site "Zagnansk"]
[Date "2022.05.03"]
[Round "5.3"]
[White "Manik, GM Mikulas"]
[Black "Nowak, FM Lukasz"]
[Result "1/2-1/2"]
[ECO "C78"]
[WhiteElo "2367"]
[BlackElo "2376"]
[Annotator "TA"]
[PlyCount "41"]
[EventDate "2022.04.29"]
[EventCountry "POL"]
[SourceTitle "playchess.com"]
[Source "ChessBase"]
[SourceQuality "1"]
[TimeControl "40/5400+30:1800+30"]

1. e4 e5 2. Nf3 Nc6 3. Bb5 a6 4. Ba4 Nf6 5. O-O Bc5 6. c3 b5 7. Bb3 d6 8. d4 Bb6 9. h3 Bb7 10. Re1 O-O 11. Be3 {[%emt 0:03:21] C78: Ruy Lopez: Archangelsk and Möller Defences.} exd4 ({Don't play} 11... Nxe4 12. d5 $14) 12. cxd4 Na5 (12... Nxe4 $2 13. d5 $18) 13. d5 {[%emt 0:01:18] The position is equal.} Bxe3 14. Rxe3 Re8 15. Nbd2 {[%emt 0:00:40] [#]} c6 $146 ({Predecessor:} 15... Nxb3 16. Qxb3 c6 17. dxc6 Bxc6 18. Qd3 Bb7 19. Nd4 g6 20. Rae1 Rc8 21. Rg3 d5 {½-½ (21) Maximov,D (2432)-Papenin,N (2384) Dnipropetrovsk 2004}) 16. dxc6 Bxc6 17. Bc2 Rc8 18. b4 Nc4 19. Nxc4 bxc4 20. Qd4 Qc7 21. Qxc4 {[%emt 0:04:08] Not much happened in this game.  Weighted Error Value: White=0.04 (flawless) /Black=0.04 (flawless)} 1/2-1/2

[Event "Swietokrzyskie IM Chess-ch 2022"]
[Site "Zagnansk"]
[Date "2022.05.03"]
[Round "5.4"]
[White "Vlachos, IM Anatole"]
[Black "Prokofiev, Valentyn"]
[Result "1-0"]
[ECO "C83"]
[WhiteElo "2406"]
[BlackElo "2287"]
[Annotator "TA"]
[PlyCount "91"]
[EventDate "2022.04.29"]
[EventCountry "POL"]
[SourceTitle "playchess.com"]
[Source "ChessBase"]
[SourceQuality "1"]
[TimeControl "40/5400+30:1800+30"]

1. e4 e5 2. Nf3 Nc6 3. Bb5 a6 4. Ba4 Nf6 5. O-O Nxe4 6. d4 b5 7. Bb3 d5 8. dxe5 Be6 9. c3 Be7 10. Qe2 O-O 11. Rd1 Qd7 {[%emt 0:07:49] C81: Open Ruy Lopez: Keres Variation (9 Qe2).} 12. c4 {[%emt 0:00:20] 12.Nbd2 is setting a new trend.} ({Better is} 12. Nbd2 $14 Nc5 13. Bc2) 12... bxc4 $11 13. Bxc4 {[%emt 0:00:07] [#]} Rfd8 $146 {[%emt 0:04:22] The position is equal.} ({Predecessor:} 13... Bc5 14. Be3 f5 15. Bxc5 Nxc5 16. Nc3 d4 17. Ng5 Qe7 18. Nxe6 Nxe6 19. Nd5 Qd7 {1-0 (53) Pommart,P-Lepine Fontes,G France 1994}) 14. Nc3 {[%emt 0:07:43] [#] aiming for Nxd5.} Nxc3 15. bxc3 Qc8 16. Bb3 Na5 17. Bc2 Bf5 18. Bxf5 Qxf5 19. Nd4 Qe4 20. Qxe4 dxe4 21. Re1 c5 22. Nf5 Bf8 23. Bf4 Rd3 24. Rac1 c4 25. Ng3 {[%emt 0:06:30] White is more active.} Rb8 26. Rc2 {[%emt 0:01:52] Against Rb2} Ba3 27. Nxe4 Rb5 28. h4 h6 29. Ree2 Be7 30. h5 Rb1+ 31. Kh2 ({Avoid the trap} 31. Rc1 $2 Rxc1+ 32. Bxc1 Rd1+ 33. Kh2 Rxc1 $19) 31... Rdd1 32. Ng3 {[%emt 0:04:47] Inhibits Rh1+.} Nb7 33. Re4 Nc5 34. Rxc4 Nd3 35. Re4 Rg1 (35... Re1 $16 {was worth a try.}) 36. f3 Rge1 {[%emt 0:08:46] [#] ...Rxe4 is the strong threat.} 37. Be3 $1 f6 $2 (37... Bg5 {keeps fighting.}) 38. Nf5 $18 Bc5 {[%emt 0:00:38] White is clearly winning.} 39. exf6 {[%emt 0:03:37] Black must now prevent Re8+.} gxf6 40. Rg4+ Kf8 41. Bxc5+ Nxc5 42. Rg6 Rh1+ 43. Kg3 Rxh5 44. Rxf6+ Kg8 45. Rd2 Rf1 46. Kf4 {[%emt 0:02:28] Against Ne4.  Weighted Error Value: White=0.07 (flawless) /Black=0.27 (precise)} 1-0

[Event "Swietokrzyskie IM Chess-ch 2022"]
[Site "Zagnansk"]
[Date "2022.05.03"]
[Round "5.5"]
[White "Krzywda, CM Andrzej"]
[Black "Wikar, WFM Martyna"]
[Result "1-0"]
[ECO "B24"]
[WhiteElo "2152"]
[BlackElo "2197"]
[Annotator "TA"]
[PlyCount "123"]
[EventDate "2022.04.29"]
[EventCountry "POL"]
[SourceTitle "playchess.com"]
[Source "ChessBase"]
[SourceQuality "1"]
[TimeControl "40/5400+30:1800+30"]

1. e4 c5 2. Nc3 Nc6 3. Bb5 Nd4 4. Nf3 a6 5. Bd3 g6 6. Rb1 {[%emt 0:04:20] B23: Closed Sicilian: Lines without g3.} Nc6 7. a3 b5 8. b4 {[%emt 0:01:58] [#] The position is equal.} cxb4 $146 ({Predecessor:} 8... d6 9. Bb2 Bg7 10. Nd5 Nf6 11. c4 bxc4 12. Bxc4 cxb4 13. axb4 O-O 14. Nxf6+ exf6 {0-1 (76) Ibadov,D (2249)-Lintchevski,D (2567) Khanty-Mansiysk 2021}) 9. Nd5 Bg7 10. axb4 e6 11. Ne3 Nf6 12. e5 Nd5 13. Be4 Nxe3 14. fxe3 O-O 15. Bxc6 dxc6 16. d4 Qd5 17. Qd3 a5 18. O-O (18. Bd2 $1 $14) 18... axb4 $11 19. Bd2 Ra3 20. Rb3 c5 21. Rxa3 (21. dxc5 $11 Bb7 22. Bxb4 Rxb3 23. Qxb3) 21... bxa3 22. Qxa3 cxd4 23. exd4 Bb7 24. Qe7 Ba8 25. Bb4 Rc8 26. Bd6 Bf8 27. Qd7 Qb7 28. Qxb7 Bxb7 29. Rb1 Bc6 30. Bxf8 Kxf8 {[%emt 0:00:16][%mdl 4096] Endgame KRB-KRN} 31. Kf2 (31. Ne1 $11 {remains equal.}) 31... Bd7 (31... Bxf3 $17 32. gxf3 Rxc2+ 33. Kg3 Rd2 34. Rxb5 Rxd4 35. Rb8+ Kg7) 32. Rb2 Rc3 33. Ng5 Bc6 34. Nxh7+ Kg7 35. Nf6 g5 36. Nh5+ Kg6 37. Ng3 Rc4 38. Ne2 Kf5 39. c3 Ra4 40. Ke3 Ra3 41. h3 Kg6 42. g3 Ra1 43. h4 g4 44. Nf4+ Kf5 45. Rf2 Bf3 {[%emt 0:00:37] Against Nd5} 46. h5 {[%emt 0:01:08] [#] Rh2 is the strong threat.} Kg5 47. Rb2 Re1+ 48. Kf2 Rc1 49. Rxb5 {[%emt 0:00:29] aiming for Rc5.} Rc2+ 50. Ke3 {[%emt 0:00:13] [#] And now Rc5 would win.} Rxc3+ 51. Kd2 Ra3 52. Rb8 Ra1 53. Rf8 Ra2+ 54. Kc3 Ra7 55. Rh8 Rc7+ 56. Kb4 Kf5 $2 {[%emt 0:00:45][%mdl 8192] This costs Black the game.} (56... Bd5 $16) 57. h6 $18 {[%emt 0:00:16][%cal Bh5h6,Bh6h7][%mdl 32] Black must now prevent h7. White is clearly winning.} Rc1 58. Rf8 Rh1 59. Rxf7+ Ke4 60. h7 Kxd4 61. Rd7+ Bd5 62. Nxd5 {[%emt 0:01:07] Weighted Error Value: White=0.12 (very precise) /Black=0.11 (very precise)} 1-0

[Event "Swietokrzyskie IM Chess-ch 2022"]
[Site "Zagnansk"]
[Date "2022.05.04"]
[Round "6.1"]
[White "Sieciechowicz, IM Marcin"]
[Black "Wikar, WFM Martyna"]
[Result "1/2-1/2"]
[ECO "E91"]
[WhiteElo "2388"]
[BlackElo "2197"]
[Annotator "TA"]
[PlyCount "171"]
[EventDate "2022.04.29"]
[EventCountry "POL"]
[SourceTitle "playchess.com"]
[Source "ChessBase"]
[SourceQuality "1"]
[TimeControl "40/5400+30:1800+30"]

1. d4 Nf6 2. c4 g6 3. Nc3 Bg7 4. e4 d6 5. Nf3 O-O 6. Be2 Nc6 7. O-O e5 8. d5 Ne7 9. Nd2 Ne8 10. b4 f5 11. c5 Rf7 (11... a5 $11) 12. a4 {[%emt 0:03:26] White is more active. E97: King's Indian: Classical Main Line (6...e5 7 0-0 Nc6): 8 Be3 and 8 d5 Ne7, not 9 Ne1.} Nf6 (12... a5 $14) 13. Ba3 (13. f3 $16) 13... Bf8 (13... fxe4 $14 14. cxd6 cxd6) 14. cxd6 {[%emt 0:06:47] White is better.} cxd6 15. b5 g5 16. Nc4 Ng6 17. exf5 Bxf5 18. Ne3 {[%emt 0:01:18] [#]} Bd7 $146 ({Predecessor:} 18... Bc8 19. Re1 Nf4 20. Bf1 b6 21. Rc1 Qd7 22. Qc2 Bb7 23. Qb3 Ng4 24. Ncd1 Nf6 {1-0 (92) Lukey,S (2244)-Wang,O (1942) Rotorua 2011}) 19. Re1 Rc8 20. Rc1 Qb6 (20... Nf4 $11) 21. Bf1 ({White should try} 21. g3 $16) 21... Qd4 22. Qb3 (22. Ne2 $5 Rxc1 23. Bxc1 $11) 22... Qh4 $1 23. g3 Qh6 24. Qb1 Nf4 25. Ne4 Rxc1 26. Bxc1 Nh3+ (26... N4xd5 $2 27. Nxd5 Nxd5 28. Bc4 $18 (28. Bxg5 Qg6 $16)) 27. Bxh3 Bxh3 28. Nxf6+ Qxf6 29. Qc2 Be7 30. Qe2 Rf8 31. Bd2 Qg6 32. Rc1 Bd8 33. Nc4 Bf5 34. Ne3 Bd7 35. Nc4 Bf5 36. Ne3 Bh3 37. Nc4 Be7 38. a5 h5 39. Ne3 Bd8 {[%emt 0:00:11] Inhibits Rc7.} 40. Be1 Kg7 41. Qc2 Qf7 42. Qe2 Bd7 43. Rc2 h4 44. Bb4 Qg6 45. Be1 (45. Rc1 $15) 45... hxg3 $17 46. hxg3 Rh8 (46... g4 $142 $1 47. Rb2 Rh8) 47. f3 Qh7 48. Qg2 {[%emt 0:00:22] Prevents Qh1+.} Bh3 49. Qe2 Bd7 {[%cal Bh3d7,Bd7b5,Bb5d3,Bd3g6,Bg6f7][%mdl 32] ( -> ...Qh1+). This bishop pair is nice.} (49... Be6 $5 50. Qh2 (50. dxe6 $2 Qh1+ 51. Kf2 Rh2+ 52. Ng2 Rxg2+ 53. Ke3 Rxe2+ $19) 50... Qg6 $1 $17) 50. Qg2 {[%emt 0:00:03] Inhibits Qh1+.} Bxb5 {[%emt 0:02:13] aiming for ...b6.} 51. Rb2 {[%emt 0:00:37] [#]} (51. Bb4 $17) 51... Qd3 $2 (51... b6 $1 $19 {Hoping for ...a6.} 52. g4 (52. Rxb5 $2 Qd3 $19) 52... Bd3) 52. Qd2 $15 b6 53. g4 (53. Qxd3 $11 {remains equal.} Bxd3 54. Rb3) 53... Kf6 54. Qxd3 Bxd3 55. Rb3 Bg6 56. Nc4 $1 bxa5 57. Bf2 (57. Nxd6 $15 a4 58. Rb7) 57... Bc7 (57... Bf7 $19 58. Rd3 Bc7 59. Bxa7 Rc8) 58. Rb7 $17 Rc8 59. Bxa7 {[%emt 0:00:40] [#]} Bf7 (59... a4 $1 $17 {Threatens to win with ...Bf7.} 60. Be3 Bd3) 60. Nb6 $11 Bxb6+ 61. Rxb6 {[%emt 0:00:07][%mdl 4096] Endgame KRB-KRB} Rd8 62. Rb5 a4 {[%emt 0:00:14] White must now prevent ...Ra8.} 63. Ra5 $1 Rc8 64. Rxa4 Bxd5 65. Ra3 Rc2 66. Bf2 Bc6 67. Kg2 {[%emt 0:00:39] [#]} (67. Re3 $15) 67... d5 $1 $17 68. Kg3 d4 69. Be1 Ke6 70. Ba5 Kd7 {[%emt 0:01:25] Inhibits Bd8.} 71. Rd3 Bb5 ({Better is} 71... Rb2 $17 72. Bd2 Bb5) 72. Rd2 $15 Rc1 73. Rf2 Rc8 74. Bd2 Rg8 75. Rh2 Bc6 76. Rh7+ Kd6 77. Rf7 Bd7 78. Rh7 Be8 79. Ra7 Bc6 80. Rf7 Bd7 81. Bb4+ Kc6 82. Re7 Rb8 83. Bd2 Kd6 84. Rg7 Rb2 85. Bxg5 d3 86. Rh7 {Weighted Error Value: White=0.19 (very precise) /Black=0.21 (precise)} 1/2-1/2

[Event "Swietokrzyskie IM Chess-ch 2022"]
[Site "Zagnansk"]
[Date "2022.05.04"]
[Round "6.2"]
[White "Prokofiev, Valentyn"]
[Black "Krzywda, CM Andrzej"]
[Result "1/2-1/2"]
[ECO "A43"]
[WhiteElo "2287"]
[BlackElo "2152"]
[Annotator "TA"]
[PlyCount "162"]
[EventDate "2022.04.29"]
[EventCountry "POL"]
[SourceTitle "playchess.com"]
[Source "ChessBase"]
[SourceQuality "1"]
[TimeControl "40/5400+30:1800+30"]

1. d4 Nf6 2. Nf3 c5 3. d5 b5 4. Bg5 g6 5. Bxf6 exf6 6. a4 {[%emt 0:04:51] A43: Schmid Benoni.} (6. e3 $14 {is more appropriate.}) 6... b4 $11 7. e4 Bg7 8. Bd3 {[%emt 0:01:27] Black has an edge.} O-O 9. O-O d6 10. Nbd2 {[%emt 0:00:07] [#]} Re8 $146 ({Predecessor:} 10... Nd7 11. Nc4 Ne5 12. Nfd2 Re8 13. Rb1 a5 14. f4 Nxc4 15. Nxc4 Ba6 16. Qf3 Qe7 {½-½ (25) Piedra Salabarria,E (2282)-Munoz Pantoja,M (2456) Barcelona 2020}) 11. Nc4 Qc7 12. Nfd2 Nd7 13. f4 {[%emt 0:09:35] Prevents Ne5.} Ba6 14. a5 Re7 (14... f5 $11 15. exf5 gxf5) 15. Qf3 Rae8 16. Rad1 Bb7 17. Qg3 Ba6 18. b3 Bxc4 19. Nxc4 Rd8 (19... Rxe4 $142 20. Bxe4 Rxe4) 20. Kh1 Ree8 21. Rf3 Nf8 22. Rdf1 Rd7 23. h4 Qb7 (23... Rdd8 $16 24. h5 Qe7) 24. f5 Qc7 (24... Qb8 $142 25. fxg6 fxg6) 25. fxg6 $18 fxg6 26. Rxf6 Bxf6 27. Rxf6 Red8 $2 (27... Rg7 {might work better.} 28. Qxd6 (28. Nxd6 Nd7 $18) 28... Rge7) 28. e5 dxe5 (28... Rf7 $142 29. Rxf7 (29. exd6 Qb7 $16) 29... Qxf7 30. Nxd6 Rxd6) 29. d6 Qb8 30. Qxe5 $2 (30. h5) 30... Re8 31. Qxc5 Qd8 32. Qd5+ $2 (32. Qf2 $1 $18) 32... Kg7 $1 $14 33. Rf4 {[%emt 0:00:10] 0x0.00272e3e94d9dp-1022s more active pieces.} Re1+ 34. Kh2 Ne6 {[%emt 0:00:12] Inhibits Qd4+.} 35. Rg4 (35. Re4 Qf6 $1 $11) 35... Qf6 $1 36. h5 Qa1 $2 (36... Qf2 $2 37. hxg6 h6 38. Be4 $18 (38. Re4 Rxe4 39. Qxe4 Qf4+ 40. Qxf4 Nxf4 $16)) ({Black should try} 36... Nf4 $1 $14 37. Qf5 Qxf5 38. Bxf5 Rd8) 37. Re4 $2 (37. hxg6 Rh1+ 38. Kg3 Qe1+ 39. Kf3 Qd1+ 40. Kg3 Qe1+ 41. Kf3 Qd1+ 42. Kg3 Qe1+ $11) (37. Kg3 $18) 37... Rxe4 $11 38. Bxe4 Qf6 39. g3 Ng5 40. Bg2 {[%emt 0:00:00][%cal Oh5h6] Strongly threatening h6+!} Nf7 41. Qb5 (41. Qc5 $11 {keeps the balance.}) 41... Rd8 ({Better is} 41... Qf5 $1 $17 42. Qxf5 (42. Qxb4 Qxh5+ 43. Kg1 Qd1+ 44. Kh2 Qxc2 $17) 42... gxf5) 42. Qxb4 gxh5 43. Ne3 Rxd6 44. Qc5 $36 {[%emt 0:00:49][%csl LRa7,LRh5][%mdl 2048] And now Nf5+ would win. Black is under pressure.} Kh8 {[%emt 0:04:47] Black wants to play ...h4.} 45. Qxa7 ({Much worse is} 45. Nc4 Qd4 46. Qf5 Rf6 $17) 45... Ne5 46. Qa8+ Rd8 47. Qe4 {[%emt 0:00:04][%cal Oa5a6] Threatens to win with a6!} Re8 $2 (47... Rd4 $11 {and Black has nothing to worry.} 48. Qf5 (48. Nd5 Rxd5 49. Qxd5 Ng4+ 50. Kh3 Nf2+ 51. Kh2 Ng4+ 52. Kh3 Nf2+ 53. Kh2 Ng4+ $11) 48... Ng4+ 49. Kh3 Nf2+ 50. Kh2 Ng4+ 51. Kh3 Nf2+ 52. Kh2 Ng4+) 48. Kh1 Rd8 $2 (48... Re6 $16) 49. a6 Ng4 (49... Nd7 $142 50. Qc6 Qd4) 50. Nxg4 $18 hxg4 {[%emt 0:00:15][%mdl 4096] Endgame KQR-KQB} 51. Qc6 $2 ({Inferior is} 51. Qxg4 Qxa6 52. Qg5 Rd1+ 53. Kh2 Qe2 $11) (51. Qf4 $1 $18 Qg6 52. Qe5+ Kg8 53. Bd5+ Kf8 54. Kg1 Qb6+ 55. Kg2) 51... Rd6 $11 52. Qc8+ Rd8 $2 {[%emt 0:00:01][%mdl 8192] [#]} (52... Kg7 $11 53. Qxg4+ Kf8) 53. Qxg4 $2 ({White has to play} 53. Qxd8+ $1 $18 Qxd8 54. a7) 53... Qxa6 {[%emt 0:00:10] The position is equal.} 54. Qg5 Qd6 55. Kh2 Rf8 56. Qe3 Rf6 57. Qc3 Kg8 58. Qc8+ Kg7 59. Qc3 Kf7 60. b4 Rh6+ 61. Bh3 Qe6 62. Qf3+ Kg7 63. Qg2 Qb6 64. Qd2 Rf6 {[%emt 0:00:30] ...Rf2+ is the strong threat.} 65. Qd7+ Kg8 66. Qd5+ Kg7 {[%emt 0:00:17][%mdl 1024] Black has compensation.} 67. Qg5+ Kf8 68. b5 h6 69. Qe5 Qf2+ 70. Kh1 Rf3 71. Qh8+ Ke7 {[%emt 0:00:21] ( -> ...Qe1+)} 72. Qg7+ Kd6 73. Bg2 Rxg3 74. Qxh6+ Kc5 75. Qc6+ Kb4 76. b6 {[%emt 0:00:37] aiming for b7. Chess con chili.} Rxg2 77. Qxg2 Qxb6 78. Qe4+ Kc3 79. Qd3+ Kb4 80. Kg2 Qf6 81. Kg3 Kc5 {[%emt 0:00:24] Weighted Error Value: White=0.55/Black=0.31} 1/2-1/2